 Dungeon Crawl Stone Soup version 0.26.1-16-g4e020e15dc (webtiles) character file.

Game seed: 11094898468494268398

1317 Froggeryz the Grappler (level 8, 0/61 HPs)
             Began as a Demonspawn Gladiator on Feb 18, 2023.
             Was a Follower of Okawaru.
             Slain by an ufetubus (3 damage)
             ... on level 5 of the Dungeon.
             The game lasted 00:08:31 (7816 turns).

Froggeryz the Grappler (Demonspawn Gladiator)       Turns: 7816, Time: 00:08:31

Health: 0/61       AC:  6    Str: 16    XL:     8   Next: 33%
Magic:  17/17      EV: 13    Int: 12    God:    Okawaru [*.....]
Gold:   328        SH:  0    Dex: 15    Spells: 7/7 levels left

rFire    . . .     SeeInvis .   c - +1 dagger (venom)
rCold    + . .     Faith    .   (no shield)
rNeg     . . .     Spirit   .   v - +2 leather armour {rPois}
rPois    +         Reflect  .   e - +0 helmet
rElec    .         Harm     .   (no cloak)
rCorr    .         Rampage  .   (no gloves)
Will     .....                  (no boots)
Stlth    +.........             (no amulet)
HPRegen  0.20/turn              o - ring of flight
MPRegen  0.15/turn              m - ring of magical power

@: no status effects
A: hooves 1, cold resistance 1, miasma immunity, big brain 1
a: Renounce Religion, Evoke Flight, Heroism


You were on level 5 of the Dungeon.
You worshipped Okawaru.
Okawaru was aware of your devotion.
You visited 1 branch of the dungeon, and saw 6 of its levels.
You also visited: Sewer.

You collected 328 gold pieces.

Inventory:

Hand Weapons
 c - a +1 dagger of venom (weapon)
Missiles
 j - 2 throwing nets (quivered)
 s - 37 poisoned darts
 u - 4 curare-tipped darts
Armour
 e - a +0 helmet (worn)
 v - a +2 leather armour of poison resistance (worn)
Jewellery
 m - a ring of magical power (right hand)
 o - a ring of flight (left hand)
Wands
 d - a wand of flame (1)
 h - a wand of digging (6)
 q - a wand of disintegration (20)
 y - a wand of acid (8)
Scrolls
 f - 3 scrolls of teleportation
 k - a scroll of blinking
 n - 2 scrolls of enchant armour
 p - a scroll of fog
 r - a scroll of immolation
 t - 2 scrolls of fear {unknown}
 w - a scroll of remove curse
Potions
 a - 2 potions of flight {unknown}
 b - 2 potions of lignification {unknown}
 g - a potion of cancellation {unknown}
 i - 4 potions of brilliance
 l - a potion of mutation {unknown}
 x - a potion of haste
 z - a potion of curing


   Skills:
 + Level 4.5 Fighting
 - Level 1.7 Throwing
 - Level 3.4 Armour
 - Level 2.6 Dodging
 * Level 8.1 Unarmed Combat


You had 7 spell levels left.
You didn't know any spells.
Your spell library was empty.

Dungeon Overview and Level Annotations

Branches:
Dungeon (6/15)              Sewer (visited)
 Temple: D:4-7

Altars:
Ashenzari
Cheibriados
Kikubaaqudgha
Okawaru
Ru
Sif Muna

Annotations:
D:2 1 runed translucent door, Crazy Yiuf


Innate Abilities, Weirdness & Mutations

You have large cloven feet.
Your flesh is cold resistant. (rC+)
You are immune to miasma.
You have an unusually large brain. (Int +2)


Message History

The orc wizard points at you and mumbles some strange words.
The magic dart hits you.
* * * LOW HITPOINT WARNING * * *
The shadow imp shouts, "Slither away, thou artless common-kissing foot-licker!"
The orc wizard mumbles some strange words.
The orc wizard blinks!
The ufetubus hits you but does no damage.
The ufetubus hits you.
* * * LOW HITPOINT WARNING * * *
There is a stone staircase leading up here.
The ufetubus misses you. The ufetubus barely misses you.
You climb upwards.
There is a stone staircase leading down here.
Okay, then.
You barely miss the ufetubus. Your kick misses the ufetubus.
Your punch misses the ufetubus. The ufetubus barely misses you.
The ufetubus completely misses you.
The ufetubus hits you but does no damage.
The ufetubus hits you.
You die...

#...##############<..[).[
##..>..........##.....#)#
##.....#.......#.....#.#
#############..#######8
##.....#.........
##.......#######.†
#.........# #...8
#.5.......# #...#
#@........# #...#
#.........# #....
#.........####....
#.................
#...#...♣...#.....
#......♣.♣........
#.....♣.♣.♣.......
#....♣.♣.♣.♣......
##..♣.♣._.♣.♣.....


You could see an ufetubus.

Vanquished Creatures
  Edmund (D:5)
  An orc warrior (D:6)
  An ogre (D:5)
  3 bullfrogs
  3 water moccasin skeletons
  2 jellies
  A centaur zombie (D:4)
  A centaur skeleton (D:4)
  3 orc priests
  A hound (D:4)
  2 bullfrog skeletons
  Ijyb (D:4)
  2 orc wizards (D:5)
  3 worker ants
  2 worker ant zombies (D:4)
  10 adders
  2 adder zombies
  An adder skeleton (D:4)
  7 worms
  A dart slug (D:3)
  9 leopard geckos
  10 orcs
  5 ball pythons
  9 giant cockroaches
  6 goblins
  2 hobgoblins (D:1)
  7 jackals
  2 quokkas
  6 bats
  10 frilled lizards
  5 kobolds
  A leopard gecko skeleton (D:4)
  12 rats
132 creatures vanquished.

Vanquished Creatures (others)
  2 withered plants (D:4)
2 creatures vanquished.

Grand Total: 134 creatures vanquished

Notes
Turn   | Place    | Note
-------+----------+-------------------------------------------
     0 | D:1      | Froggeryz the Demonspawn Gladiator began the quest for the
                  | Orb.
     0 | D:1      | Reached XP level 1. HP: 16/16 MP: 1/1
    87 | D:1      | Reached skill level 3 in Unarmed Combat
   428 | D:1      | Gained mutation: You are immune to miasma. [demonic
                  | ancestry]
   428 | D:1      | Reached XP level 2. HP: 8/22 MP: 2/2
  1068 | D:1      | Reached skill level 1 in Armour
  1609 | D:2      | Gained mutation: You have large cloven feet. [demonic
                  | ancestry]
  1609 | D:2      | Reached XP level 3. HP: 14/27 MP: 3/3
  2574 | D:2      | Found a runed translucent door.
  2575 | D:2      | Noticed Crazy Yiuf
  2652 | D:2      | Reached skill level 4 in Unarmed Combat
  2686 | D:2      | Reached XP level 4. HP: 32/33 MP: 4/4
  3088 | D:3      | Found a faded altar of an unknown god.
  3395 | D:3      | Found a glowing drain.
  3413 | Sewer    | Entered a sewer
  3720 | Sewer    | Reached XP level 5. HP: 30/38 MP: 5/5
  4032 | Sewer    | Reached skill level 5 in Unarmed Combat
  4033 | Sewer    | Gained mutation: Your flesh is cold resistant. (rC+)
                  | [demonic ancestry]
  4033 | Sewer    | Reached XP level 6. HP: 21/44 MP: 6/6
  5392 | D:4      | Reached skill level 6 in Unarmed Combat
  5616 | D:4      | Gained mutation: You have an unusually large brain. (Int
                  | +2) [demonic ancestry]
  5616 | D:4      | Reached XP level 7. HP: 46/51 MP: 7/7
  5965 | D:5      | Entered Level 5 of the Dungeon
  5966 | D:5      | Noticed Ijyb
  6003 | D:4      | HP: 1/51 [Ijyb/+0 club (2)]
  6005 | D:4      | Killed Ijyb
  6475 | D:5      | Reached skill level 7 in Unarmed Combat
  6762 | D:5      | Found an iron altar of Okawaru.
  6770 | D:5      | Became a worshipper of Warmaster Okawaru
  6798 | D:5      | Found a snail-covered altar of Cheibriados.
  6811 | D:5      | Found an ancient bone altar of Kikubaaqudgha.
  6976 | D:5      | Found a broken altar of Ashenzari.
  7007 | D:5      | Noticed Edmund
  7017 | D:5      | Killed Edmund
  7018 | D:5      | Reached XP level 8. HP: 13/60 MP: 8/8
  7292 | D:5      | Found a sacrificial altar of Ru.
  7375 | D:5      | Found a shimmering blue altar of Sif Muna.
  7803 | D:6      | Reached * piety under Okawaru
  7804 | D:6      | Reached skill level 8 in Unarmed Combat
  7809 | D:6      | HP: 3/61 [orc wizard/magic dart (3)]
  7816 | D:5      | Slain by an ufetubus

Illustrated notes

Levels and vault maps discovered:
D:1:      dpeg_arrival_more_subterranean_lakeside_camping, layout_basic,
          chequers_serial_rivers_marsh, minmay_pentomino_z4
D:2:      layout_loops_ring, serial_glass, glass_columns_a, glass_columns_a,
          due_unseen_surprise, feat_on_display, item_on_display_a,
          item_on_display_a, hangedman_glass_teeth, uniq_crazy_yiuf_cottage
D:3:      layout_loops_ring, chequers_ecumenical_altar_simple,
          cheibrodos_sewer_entry_bend
D:4:      layout_loops_cross, serial_undead, serial_undead_b, serial_undead_e,
          serial_undead_e, serial_undead_d
D:5:      layout_rooms, nicolae_ru_path_of_blood, lemuel_blue_sif_altar,
          marbit_many_paths, minitemple, okawaru_trees_2, uniq_edmund, uniq_ijyb
D:6:      layout_cave_pools, nicolae_overflow_hidden_temple,
          lemuel_doored_altar, serial_shops, shop,
          lightli_ossuary_entry_decrepit_ruins

Skill      XL: |  1  2  3  4  5  6  7  8 |
---------------+-------------------------+-----
Unarmed Combat | 3 4 5 6 7 8 |  8.1
Armour         | 1 2 3 |  3.4
Fighting       | 3 4 |  4.5
Throwing       | |  1.7
Dodging        | |  2.6

Action                   |  1- 3 |  4- 6 |  7- 9 || total
-------------------------+-------+-------+-------++-------
Melee: Unarmed           |    43 |       |   145 ||   188
       Dagger            |    80 |   228 |    31 ||   339
       Punch             |     2 |     5 |     4 ||    11
       Kick              |    15 |    77 |    49 ||   141
Throw: Throwing net      |     3 |       |     1 ||     4
Evoke: Wand              |       |       |     1 ||     1
  Use: Potion            |     1 |     1 |     2 ||     4
       Scroll            |       |     7 |     1 ||     8
Armor: Leather armour    |    31 |       |    43 ||    74
       Scale mail        |       |   118 |    20 ||   138
Dodge: Dodged            |    82 |   137 |    89 ||   308
